 Dungeon Crawl Stone Soup version 0.31-a0-662-g684573625c (webtiles) character file.

Game seed: 4716362251212785267

581 subawu the Shield-Bearer (level 7, -9/68 HPs)
             Began as a Troll Fighter on Aug 31, 2023.
             Mangled by an ogre
             ... wielding a +0 giant club
              (30 damage)
             ... on level 5 of the Dungeon.
             The game lasted 00:10:38 (3368 turns).

subawu the Shield-Bearer (Troll Fighter)            Turns: 3368, Time: 00:10:39

Health: -9/68      AC:  4    Str: 25    XL:     7   Next: 14%
Magic:  6/6        EV: 11    Int:  6    God:
Gold:   232        SH: 10    Dex: 21    Spells: 6/6 levels left

rFire   . .          .
                       - Unarmed
rCold   . . .        b - +0 kite shield
rNeg    . . .        a - +0 robe
rPois   .            (helmet restricted)
rElec   .            (no cloak)
rCorr   .            (gloves unavailable)
SInv    .            (boots unavailable)
Will    .....        (no amulet)
Stlth   ++           m - +6 ring of dexterity
HPRegen 1.11/turn    g - +6 ring of dexterity
MPRegen 0.10/turn

%: no passive effects
@: lethally poisoned (-9 -> -13)
A: large, unfitting armour, claws 3, regeneration 1, shaggy fur 1, tough skin 1
a: no special abilities


You were on level 5 of the Dungeon.
You visited 1 branch of the dungeon, and saw 5 of its levels.

You collected 232 gold pieces.

Inventory:

Armour
 a - a +0 robe (worn)
 b - a +0 kite shield (worn)
 k - a +2 helmet
Jewellery
 f - an amulet of magic regeneration
 g - a +6 ring of dexterity (right claw)
 m - a +6 ring of dexterity (left claw)
 p - an amulet of reflection
 t - a ring of poison resistance
 u - a ring of protection from cold
 v - a +5 ring of evasion
Wands
 s - a wand of polymorph (10)
Scrolls
 e - 4 scrolls of identify {unknown}
 h - a scroll of immolation {unknown}
 i - a scroll of revelation {unknown}
 l - 4 scrolls of teleportation {unknown}
Potions
 c - 3 potions of might
 d - 2 potions of curing {unknown}
 j - a potion of cancellation {unknown}
 n - 3 potions of enlightenment {unknown}
 o - a potion of resistance {unknown}
 q - a potion of magic {unknown}
 r - a potion of haste {unknown}
 w - a potion of mutation {unknown}


   Skills:
 + Level 3.9 Fighting
 + Level 4.0 Dodging
 + Level 4.4 Shields
 + Level 4.2 Unarmed Combat


You had 6 spell levels left.
You didn't know any spells.
Your spell library contained the following spells:

 Spells                   Type           Power      Damage    Failure   Level
 Call Canine Familiar     Summ           0%         N/A       97%         3
 Portal Projectile        Hex/Tloc       0%         N/A       97%         3
 Leda's Liquefaction      Hex/Erth       0%         N/A       100%        4


Dungeon Overview and Level Annotations

Branches:
Dungeon (5/15)
 Temple: D:4-7

Altars:
Trog


Innate Abilities, Weirdness & Mutations

You are too large for most types of armour.
You have claws for hands.
Your natural rate of healing is unusually fast.
You are covered in fur. (AC +1)
You have tough skin. (AC +1)


Message History

The jelly is almost dead.
The jelly barely misses you.
You claw the jelly!
You kill the jelly!
w - a fuming silvery potion
Found a ring mail.
Found an escape hatch in the floor.
Found a storm talisman.
An ogre comes into view. It is wielding a +0 giant club.
A scorpion comes into view.
A sleepcap comes into view.
The ogre shouts!
You hear a shout!
A howler monkey comes into view.
You completely miss the scorpion.
The howler monkey howls!
You block the scorpion's attack.
The howler monkey hoots and howls with incredible vigour!
You hear an angry growl.
You barely miss the scorpion. The scorpion stings you.
You are poisoned.
The scorpion poisons you!
You scratch the scorpion.
The scorpion is moderately wounded.
You feel very sick. You block the scorpion's attack. x2
You barely miss the scorpion.
The scorpion is moderately wounded.
You feel sick. The scorpion stings you!
You are more poisoned.
The scorpion poisons you!
The ogre hits you with a +0 giant club!!
You scratch the scorpion.
The scorpion is severely wounded.
You feel very sick. You block the scorpion's attack.
An ogre comes into view. It is wielding a +0 giant club.
You scratch the scorpion.
The scorpion is almost dead.
You feel very sick.
The ogre hits you with a +0 giant club!!
You die...

..................
............#...........
...............##.#.....
.............#..#.......
..........###...#.......
........[##...#.........
O........##.............
......Oh.#.....#........
#.....s@.......#.......#
..................#.....
..................#.##..
..####............... ..
. #.....#....##.## ##
#......#....%#.#
......#........
.......#......##
....#.........##


You could see 2 ogres, a scorpion and a howler monkey.

Vanquished Creatures
  A phantom (D:4)
  A hound (D:4)
  A jelly (D:5)
  2 orc priests
  Ijyb (D:3)
  Natasha (thrice) (D:3)
  3 scorpion zombies (D:4)
  An orc wizard (D:5)
  A hound zombie (D:4)
  7 adders
  An adder zombie (D:4)
  A worm (D:2)
  3 dart slugs (D:3)
  11 orcs
  9 endoplasms
  2 giant cockroaches
  7 goblins
  8 hobgoblins
  4 quokkas
  6 ball pythons
  5 bats
  12 frilled lizards (D:1)
  11 kobolds
  3 rats
104 creatures vanquished.

Notes
Turn   | Place    | Note
-------+----------+-------------------------------------------
     0 | D:1      | subawu the Troll Fighter began the quest for the Orb.
     0 | D:1      | Reached XP level 1. HP: 22/22 MP: 0/0
   248 | D:1      | Reached XP level 2. HP: 29/29 MP: 1/1
   681 | D:1      | Reached XP level 3. HP: 36/36 MP: 2/2
  1226 | D:2      | Found a faded altar of an unknown god.
  1258 | D:2      | Reached XP level 4. HP: 44/44 MP: 3/3
  1691 | D:3      | Identified the +7 dagger "Qejeiwk" {flame, *Rage Fly rN++}
  1723 | D:3      | Identified the +3 sling of Beogh's Regard {antimagic, Will+
                  | Dex+3}
  1985 | D:3      | Noticed Natasha
  1991 | D:3      | Killed Natasha
  1992 | D:3      | Reached XP level 5. HP: 48/53 MP: 4/4
  2174 | D:3      | Noticed Ijyb
  2183 | D:3      | Killed Ijyb
  2272 | D:3      | Noticed Natasha
  2281 | D:3      | Killed Natasha
  2314 | D:3      | Noticed Natasha
  2324 | D:3      | Killed Natasha
  2376 | D:4      | Reached XP level 6. HP: 61/61 MP: 5/5
  2844 | D:4      | Found a bloodstained altar of Trog.
  3192 | D:5      | Entered Level 5 of the Dungeon
  3253 | D:5      | Reached XP level 7. HP: 63/68 MP: 6/6
  3368 | D:5      | Mangled by an ogre

Illustrated notes

Levels and vault maps discovered:
D:1:      spicycebolla_green_bress_n_ham, layout_basic, minmay_lizard_king
D:2:      layout_basic, chequers_ecumenical_altar_island
D:3:      layout_loops_ring, uniq_ijyb, uniq_natasha
D:4:      layout_loops_corners, mainiacjoe_overflow_brackets, serial_undead,
          serial_undead_f, serial_undead_a, serial_undead_b, serial_undead_f,
          minmay_misc_feat_five
D:5:      layout_cave_pools, mainiacjoe_overflow_six_doors_small,
          nicolae_overflow_hidden_temple

Skill      XL: |  1  2  3  4  5  6  7 |
---------------+----------------------+-----
Shields        | 3 4 |  4.4
Dodging        | 3 4 |  4.0
Fighting       | 3 |  3.9
Unarmed Combat | 3 4 |  4.2

Action                     |  1- 3 |  4- 6 |  7- 9 || total
---------------------------+-------+-------+-------++-------
  Melee: Unarmed           |   123 |   134 |    24 ||   281
   Stab: Sleeping          |       |     4 |       ||     4
 Armour: Robe              |   127 |    79 |    18 ||   224
  Dodge: Dodged            |    95 |    62 |     8 ||   165
  Block: Kite shield       |    87 |    79 |    15 ||   181

Table legend: (Time is in decaauts)
 A = Elapsed time spent in this place.
 B = Non-inter-level travel time spent in this place.
 C = Inter-level travel time spent in this place.
 D = Time resting spent in this place.
 E = Time spent auto-exploring this place.
 F = Levels seen in this place.
 G = Mean time per level.
                   A        B        C        D        E       F      G
               +--------+--------+--------+--------+--------+-----+--------+
         Total |   3383 |   3323 |     60 |      0 |   1881 |   5 |  676.6 |
       Dungeon |   3383 |   3323 |     60 |      0 |   1881 |   5 |  676.6 |
               +--------+--------+--------+--------+--------+-----+--------+

Top non-repeatable levels by time:
     D:1: 892 daAuts
     D:4: 846 daAuts
     D:3: 764 daAuts
     D:2: 704 daAuts
     D:5: 176 daAuts
